 Dungeon Crawl Stone Soup version 0.28.0-43-g3370ac3207 (webtiles) character file.

Game seed: 827569498721353076

1051 tizbic2 the Ducker (level 8, -2/80 HPs)
             Began as an Ogre Gladiator on Mar 8, 2022.
             Was a Believer of the Shining One.
             Slain by an orc warrior
             ... wielding a +0 long sword
              (13 damage)
             ... on level 6 of the Dungeon.
             The game lasted 00:24:42 (4499 turns).

tizbic2 the Ducker (Ogre Gladiator)                 Turns: 4499, Time: 00:24:43

Health: -2/80      AC:  5    Str: 21    XL:     8   Next: 26%
Magic:  10/10      EV: 12    Int: 11    God:    the Shining One [**....]
Gold:   49         SH:  0    Dex: 18    Spells: 4/7 levels left

rFire   . . .      SeeInvis .   c - +7 quarterstaff "Faumn" {elec, *Slow rElec rCorr Int+2}
rCold   . . .      Faith    .   (shield currently unavailable)
rNeg    + . .      Spirit   .   s - +0 animal skin
rPois   .          Reflect  .   b - +2 hat
rElec   +          Harm     .   (no cloak)
rCorr   +          Rampage  .   (gloves unavailable)
Will    .....                   (boots unavailable)
Stlth   +.........              (no amulet)
HPRegen 0.23/turn               a - +6 ring of dexterity
MPRegen 0.12/turn               (no ring)

@: glowing
A: large, unfitting armour, tough skin 1, thin skeletal structure 1, subdued
magic 1
a: Renounce Religion, Divine Shield


You were on level 6 of the Dungeon.
You worshipped the Shining One.
The Shining One was pleased with you.
You visited 1 branch of the dungeon, and saw 6 of its levels.
You also visited: Sewer.

You collected 157 gold pieces.
You spent 108 gold pieces at shops.

Inventory:

Hand Weapons
 c - the +7 quarterstaff "Faumn" (weapon) {elec, *Slow rElec rCorr Int+2}
   (You found it on level 4 of the Dungeon)

   It occasionally discharges a powerful burst of electricity upon striking a
   foe.
   Int:       It affects your intelligence (+2).
   rElec:     It insulates you from electricity.
   rCorr:     It protects you from acid and corrosion.
   *Slow:     It may slow you when you take damage.
 r - a +1 trident of protection
Missiles
 d - 3 throwing nets
 i - 170 stones (quivered)
 k - 5 boomerangs
Armour
 b - a +2 hat (worn)
 s - a +0 animal skin (worn)
Jewellery
 a - a +6 ring of dexterity (left hand)
 g - a ring of ice
Scrolls
 j - 2 scrolls of fog
 n - 2 scrolls of teleportation
 o - a scroll of amnesia {unknown}
 p - a scroll of torment {unknown}
 q - a scroll of enchant armour {unknown}
 t - a scroll of fear
 v - 2 scrolls of vulnerability
 w - a scroll of acquirement {unknown}
 x - a scroll of identify
 y - a scroll of blinking
 z - a scroll of noise {unknown}
Potions
 e - 2 potions of lignification {unknown}
 f - 4 potions of curing {unknown}
 h - 2 potions of degeneration {unknown}
 l - 2 potions of mutation
 m - a potion of brilliance {unknown}
 u - a potion of haste {unknown}


   Skills:
 + Level 5.1 Fighting
 - Level 3.7(4.3) Maces & Flails
 * Level 3.5(4.5) Staves
 - Level 3.0 Throwing
 * Level 5.1 Dodging
 * Level 3.0 Summonings
 + Level 3.3 Invocations


You had 4 spell levels left.
You knew the following spells:

 Your Spells              Type           Power      Damage    Failure   Level
a - Call Canine Familiar  Summ           5%         N/A       26%         3

Your spell library contained the following spells:

 Spells                   Type           Power      Damage    Failure   Level
 Summon Small Mammal      Summ           20%        N/A       9%          1
 Animate Skeleton         Necr           0%         N/A       30%         1
 Magic Dart               Conj           0%         1d3       30%         1
 Pain                     Necr           0%         1d4       30%         1
 Searing Ray              Conj           0%         2d4       43%         2
 Summon Guardian Golem    Hex/Summ       2%         N/A       45%         3
 Vampiric Draining        Necr           0%         2d6       67%         3
 Animate Dead             Necr           0%         N/A       97%         4
 Fulminant Prism          Conj/Hex       0%         3d6       97%         4
 Haunt                    Necr/Summ      1%         N/A       100%        7
 Infestation              Necr           0%         N/A       100%        8


Dungeon Overview and Level Annotations

Branches:
Dungeon (6/15)              Sewer (visited)
 Temple: D:4-7

Altars:
Ashenzari
Qazlal
Trog
Vehumet
Yredelemnul
The Shining One

Shops:
D:2 *


Innate Abilities, Weirdness & Mutations

You are too large for most types of armour.
You have tough skin. (AC +1)
You have a somewhat thin skeletal structure. (Dex +2, Stealth+)
Your spells are a little easier to cast, but a little less powerful.


Message History

Beogh smites you! The orc priest hits you with a +0 club.
The orc barely misses you.
You completely miss the orc priest.
The orc hits you with a +2 dagger of electrocution.
You barely miss the orc warrior. The orc closely misses you.
You completely miss the orc warrior.
The orc hits you with a +2 dagger of electrocution.
You sock the orc priest!
The orc priest is severely wounded.
The orc warrior completely misses you. The orc priest closely misses you.
The orc hits you but does no damage.
The orc warrior hits you with a +0 long sword.
You hit the orc priest.
The orc priest is almost dead.
The orc priest calls down the wrath of Beogh upon you.
Beogh smites you!
The orc hits you with a +2 dagger of electrocution.
The orc warrior hits you with a +0 long sword.
You hit the orc priest but do no damage.
Lightning courses through the orc priest!
You kill the orc priest!
The Shining One accepts your kill.
You feel better.
The orc hits you with a +2 dagger of electrocution.
The orc warrior barely misses you.
Your Summonings skill increases to level 3!
You hit the orc warrior but do no damage.
The orc hits you with a +2 dagger of electrocution.
The orc warrior closely misses you. The orc closely misses you.
You sock the orc warrior!
Lightning courses through the orc warrior!
The orc warrior is heavily wounded.
The orc warrior hits you with a +0 long sword!!
* * * LOW HITPOINT WARNING * * *
The orc hits you with a +2 dagger of electrocution.
* * * LOW HITPOINT WARNING * * *
It was a potion of mutation.
You feel extremely strange.
Your connection to magic feels subdued.
Your bones become slightly less dense.
The orc warrior hits you with a +0 long sword!
You die...

..###........#
....'........#..........
..###.[......#..........
..# #........#..........
..####'##....#..........
...##...<...............
.#.##...................
##'##...........oo......
#♣.♣##..........@)......
#...##.........#########
._._.#.........#
##8###.........#
####..........#
#..........########
#..................
#####...........######.
.......########.#


You could see an orc warrior and an orc.

Vanquished Creatures
  An orc warrior (D:4)
  A sky beast (D:5)
  A phantom (D:4)
  2 bullfrogs (Sewer)
  3 scorpions
  A howler monkey (D:4)
  A centaur zombie (D:6)
  A bullfrog skeleton (D:5)
  A hound (D:5)
  An orc priest (D:6)
  A centaur skeleton (D:4)
  A jelly (D:5)
  An iguana (D:5)
  An orc wizard (D:4)
  A howler monkey zombie (D:5)
  Robin (D:3)
  8 adders
  A river rat (D:5)
  A white imp (D:5)
  2 worms (D:3)
  2 dart slugs
  7 orcs
  6 endoplasms
  5 giant cockroaches (Sewer)
  12 goblins
  4 hobgoblins
  7 jackals
  A kobold (D:1)
  5 quokkas
  13 ball pythons
  3 bats (D:1)
  12 frilled lizards
  5 rats
113 creatures vanquished.

Vanquished Creatures (others)
  An adder (D:4)
  4 plants (D:5)
5 creatures vanquished.

Grand Total: 118 creatures vanquished

Notes
Turn   | Place    | Note
-------+----------+-------------------------------------------
     0 | D:1      | tizbic2 the Ogre Gladiator began the quest for the Orb.
     0 | D:1      | Reached XP level 1. HP: 22/22 MP: 1/1
   159 | D:1      | Found a faded altar of an unknown god.
   187 | D:1      | Reached XP level 2. HP: 22/29 MP: 2/2
   879 | D:1      | Prayed at the altar of an unknown god.
   879 | D:1      | Became a worshipper of the Shining One
   879 | D:1      | Reached * piety under the Shining One
   912 | D:2      | Reached XP level 3. HP: 32/37 MP: 3/3
  1163 | D:2      | Found Kuaj's Assorted Antiques.
  1165 | D:2      | Identified the -4 hat of Elitism {Int+6 Stlth-}
  1415 | D:2      | Bought a scroll labelled COIZOT NOSA for 27 gold pieces
  1763 | D:2      | Bought a scroll labelled COENEI QYIT for 27 gold pieces
  1834 | D:3      | Reached XP level 4. HP: 39/45 MP: 4/4
  1887 | D:3      | Noticed Robin
  1901 | D:3      | Killed Robin
  2326 | D:4      | Reached skill level 1 in Invocations
  2391 | D:2      | Bought a scroll labelled KINAIS RITU for 27 gold pieces
  2451 | D:4      | Noticed a phantom
  2460 | D:4      | Killed a phantom
  2461 | D:4      | Reached XP level 5. HP: 47/54 MP: 4/6
  2471 | D:4      | Identified the +7 quarterstaff "Faumn" {elec, *Slow rElec
                  | rCorr Int+2}
  2499 | D:4      | Reached skill level 1 in Staves
  2499 | D:4      | Reached XP level 6. HP: 62/62 MP: 7/7
  2729 | D:4      | Identified the +3 leather armour of Cuirph {rF+}
  2765 | D:4      | Found a bloodstained altar of Trog.
  3091 | D:4      | Found a radiant altar of Vehumet.
  3283 | D:5      | Entered Level 5 of the Dungeon
  3336 | D:2      | Bought a scroll labelled KYQYRRUPIE for 27 gold pieces
  3406 | D:5      | Found a broken altar of Ashenzari.
  3539 | D:5      | Noticed an orc warrior
  3539 | D:5      | Noticed a sky beast
  3567 | D:4      | Killed an orc warrior
  3568 | D:4      | Reached skill level 1 in Summonings
  3568 | D:4      | Reached XP level 7. HP: 29/71 MP: 8/8
  3902 | D:5      | Found a glowing drain.
  3904 | D:5      | Reached ** piety under the Shining One
  4005 | Sewer    | Entered a sewer
  4175 | Sewer    | Reached XP level 8. HP: 79/79 MP: 10/10
  4184 | Sewer    | Reached skill level 5 in Fighting
  4184 | Sewer    | Reached skill level 5 in Dodging
  4260 | D:5      | Learned a level 3 spell: Call Canine Familiar
  4430 | D:6      | Found a stormy altar of Qazlal.
  4430 | D:6      | Found a basalt altar of Yredelemnul.
  4499 | D:6      | Gained mutation: Your spells are a little easier to cast,
                  | but a little less powerful. [potion of mutation]
  4499 | D:6      | Gained mutation: You have a somewhat thin skeletal
                  | structure. (Dex +2, Stealth+) [potion of mutation]
  4499 | D:6      | Slain by an orc warrior

Illustrated notes

Levels and vault maps discovered:
D:1:      psy_arrival_radial01, layout_rooms,
          dreamdust_ecumenical_altar_angels_and_demons, minmay_misc_feat_alley,
          chequers_garden
D:2:      layout_rooms, serial_shops, shop, chequers_avenue
D:3:      layout_loops_ring, uniq_robin
D:4:      layout_loops_corners, nicolae_overflow_crystal_walls,
          fiery_altar_vehumet
D:5:      layout_rooms, mainiacjoe_overflow_24_doors, portal_sewer_entry_a,
          serial_bayou_lake_a
D:6:      layout_basic, elyvilon_altar_5, gammafunk_temple_overflow_statue

Skill      XL: |  1  2  3  4  5  6  7  8 |
---------------+-------------------------+-----
Fighting       | 3 4 5 |  5.1
Dodging        | 3 4 5 |  5.1
Maces & Flails | 3 |  3.7
Invocations    | 1 2 3 |  3.3
Staves         | 1 2 3 |  3.5
Throwing       | 3 |  3.0
Summonings     | 1 2 3 |  3.0

Action                   |  1- 3 |  4- 6 |  7- 9 || total
-------------------------+-------+-------+-------++-------
Melee: Flail             |    82 |    10 |       ||    92
       Punch             |     1 |     1 |       ||     2
       Trident           |       |    18 |       ||    18
       Quarterstaff      |       |    38 |    92 ||   130
Throw: Stone             |     4 |    14 |       ||    18
       Boomerang         |     8 |    15 |       ||    23
  Use: Scroll            |       |     1 |     3 ||     4
       Potion            |       |       |     1 ||     1
Armor: Robe              |    34 |     3 |       ||    37
       Animal skin       |       |    16 |    31 ||    47
Dodge: Dodged            |    46 |    49 |    65 ||   160
